 Seeded DCSS version 0.28.0-45-g0d030f2227 (webtiles) character file.

Game seed: 20220420 (custom seed)

21 jessy the Sneak (level 3, -1/22 HPs)
             Began as a Kobold Brigand on Apr 20, 2022.
             Was a Follower of Zin.
             Slain by an adder (2 damage)
             ... on level 2 of the Dungeon.
             The game lasted 00:05:57 (1346 turns).

jessy the Sneak (Kobold Brigand)                    Turns: 1346, Time: 00:05:58

Health: -1/22      AC:  6    Str: 14    XL:     3   Next: 2%
Magic:  3/3        EV: 13    Int: 12    God:    Zin [*.....]
Gold:   12         SH:  0    Dex: 18    Spells: 2/2 levels left

rFire   . . .      SeeInvis .   h - +0 whip
rCold   . . .      Faith    .   (no shield)
rNeg    . . .      Spirit   .   j - +0 ring mail
rPois   .          Reflect  .   (no helmet)
rElec   .          Harm     .   c - +0 cloak
rCorr   .          Rampage  .   (no gloves)
Will    .....                   (no boots)
Stlth   ++++......              (no amulet)
HPRegen 0.07/turn               q - +6 ring of strength
MPRegen 0.08/turn               (no ring)

@: no status effects
A: small, no large weapons, nightstalker 3
a: Renounce Religion, Recite, Donate Gold


You were on level 2 of the Dungeon.
You worshipped Zin.
Zin was aware of your devotion.
You visited 1 branch of the dungeon, and saw 2 of its levels.

You collected 13 gold pieces.
You donated 1 gold pieces to Zin.

Inventory:

Hand Weapons
 a - a +2 dagger
 h - a +0 whip (weapon)
 m - a +0 club
 n - a +0 dagger
 p - a +0 dagger
 r - a +0 dagger
 s - a +0 whip
 t - a +0 dagger
Missiles
 d - 11 poisoned darts (quivered)
 e - 2 curare-tipped darts
 g - 71 stones
 o - 30 arrows
Armour
 b - a +0 robe
 c - a +0 cloak (worn)
 f - a +0 barding
 j - a +0 ring mail (worn)
Jewellery
 q - a +6 ring of strength (left hand)
Scrolls
 k - a scroll of blinking {unknown}
 l - a scroll of teleportation {unknown}
 u - a scroll of immolation {unknown}
 v - a scroll of summoning {unknown}
Potions
 i - a potion of degeneration {unknown}


   Skills:
 + Level 2.3 Fighting
 + Level 2.7 Short Blades
 + Level 0.5 Maces & Flails
 + Level 2.4 Throwing
 + Level 1.2 Dodging
 + Level 6.0 Stealth


You had 2 spell levels left.
You didn't know any spells.
Your spell library contained the following spells:

 Spells                   Type           Power      Damage    Failure   Level
 Beastly Appendage        Tmut           0%         N/A       56%         1
 Wereblood                Tmut           0%         N/A       71%         2
 Spider Form              Tmut/Pois      0%         N/A       90%         3


Dungeon Overview and Level Annotations

Branches:
Dungeon (1/15)

Altars:
Zin


Innate Abilities, Weirdness & Mutations

You are small and have problems with some larger weapons.
You are completely attuned to the shadows.


Message History

The adder bites you but does no damage. The goblin closely misses you.
The adder bites you.
You hit the goblin.
You kill the goblin!
The adder closely misses you.
You have reached level 3!
Your experience leads to an increase in your attributes!
Your base attributes are Str 8, Int 12, Dex 16.
Increase (S)trength, (I)ntelligence, or (D)exterity?
You feel agile. x2
An adder is nearby!
You barely miss the adder. The adder bites you.
You are poisoned.
The adder poisons you!
You barely miss the adder.
You feel sick. The adder misses you. The adder bites you.
You hit the adder.
The adder is lightly wounded.
You feel sick. The adder misses you.
You closely miss the adder.
The adder is lightly wounded.
You feel sick. The adder bites you.
* * * LOW HITPOINT WARNING * * *
The adder barely misses you.
You miss the adder.
The adder is lightly wounded.
* * * LOW HITPOINT WARNING * * *
You feel sick. The adder closely misses you.
You barely miss the adder.
The adder is lightly wounded.
* * * LOW HITPOINT WARNING * * *
You feel sick.
You are no longer poisoned.
The adder misses you.
You hit the adder.
The adder is lightly wounded.
The adder bites you. Zin protects you from harm! The adder bites you.
You die...

##########
###....)...##
##
##.....S@....#
.#
#..###'###...#
.# #.##....
##..# .####
#.#..#.#r ..#
....#
##.'.#)#!#.
.l# .##.#
#..#..#
.##.####..##..
.##........###
.####........


You could see an adder.

Vanquished Creatures
  A worm (D:2)
  A dart slug (D:2)
  A ball python (D:2)
  A bat (D:2)
  An endoplasm (D:1)
  2 goblins (D:2)
  5 kobolds (D:2)
  2 quokkas (D:2)
  A rat (D:2)
15 creatures vanquished.

Notes
Turn   | Place    | Note
-------+----------+-------------------------------------------
     0 | D:1      | jessy the Kobold Brigand began the quest for the Orb.
     0 | D:1      | Reached XP level 1. HP: 12/12 MP: 1/1
   103 | D:1      | You fall into a shaft and drop 1 floor!
   241 | D:2      | Reached XP level 2. HP: 17/17 MP: 2/2
   252 | D:2      | Reached skill level 6 in Stealth
   882 | D:2      | Found a faded altar of an unknown god.
   902 | D:2      | Prayed at the altar of an unknown god.
   902 | D:2      | Became a worshipper of Zin the Law-Giver
   902 | D:2      | Reached * piety under Zin
  1340 | D:2      | Reached XP level 3. HP: 14/22 MP: 3/3
  1345 | D:2      | HP: 1/22 [poisoned by an adder]
  1346 | D:2      | Zin protects you from harm!
  1346 | D:2      | Slain by an adder

Illustrated notes

Levels and vault maps discovered:
D:1:      nicolae_arrival_somewhat_less_tricky_arrival, layout_loops_cross,
          minmay_surrounded
D:2:      layout_basic, hellmonk_ecumenical_altar_zigzags, minmay_box_of_dots

Skill      XL: |  1  2 |
---------------+-------+-----
Stealth        | 6 |  6.0
Fighting       | |  2.3
Short Blades   | |  2.7
Maces & Flails | |  0.5
Throwing       | |  2.4
Dodging        | |  1.2

Action                   || total
-------------------------++-------
Melee: Whip              ||    66
       Dagger            ||     4
       Punch             ||     2
 Stab: Sleeping          ||     5
Armor: Robe              ||     2
       Ring mail         ||    18
Dodge: Dodged            ||    44
